 Dungeon Crawl Stone Soup version 0.21.1-1-g345015fe64 (webtiles) character file.

37 Gargoyl the Skirmisher (level 3, -1/31 HPs)
             Began as a Centaur Abyssal Knight on July 20, 2018.
             Was a Follower of Lugonu.
             Slain by an orc warrior
             ... wielding a +1 hand axe of chopping
              (10 damage)
             ... on level 2 of the Dungeon.
             The game lasted 00:02:29 (1547 turns).

Gargoyl the Skirmisher (Centaur Abyssal Knight)     Turns: 1547, Time: 00:02:29

Health: -1/31      AC:  4    Str: 14    XL:     3   Next: 21%
Magic:  4/4        EV:  9    Int: 11    God:    Lugonu [*.....]
Gold:   73         SH:  0    Dex:  9    Spells: 2/2 levels left

rFire    . . .     SeeInvis .   d - +1 scimitar (flame)
rCold    . . .     Gourm    .   (no shield)
rNeg     . . .     Faith    .   b - +0 leather armour
rPois    .         Spirit   .   (no helmet)
rElec    .         Reflect  .   (no cloak)
rCorr    .         Harm     .   (no gloves)
MR       .....                  (no barding)
Stlth    ..........             (no amulet)
HPRegen  0.10/turn              (no ring)
MPRegen  0.09/turn              (no ring)

@: very quick
A: large, hooves 3, deformed body, speed 2, tough skin 3
a: Depart the Abyss, Renounce Religion


You were on level 2 of the Dungeon.
You worshipped Lugonu.
Lugonu was aware of your devotion.
You were hungry.

You visited 1 branch of the dungeon, and saw 2 of its levels.
You visited the Abyss 1 time.

You collected 73 gold pieces.

Inventory:

Hand Weapons
 a - a +1 hand axe
 d - a +1 scimitar of flaming (weapon)
Armour
 b - a +0 leather armour (worn)
Scrolls
 e - 2 scrolls of magic mapping {unknown}
 f - a scroll of fear {unknown}
 h - a scroll of identify
Potions
 g - a potion of degeneration {unknown}
 i - a potion of resistance {unknown}
 j - a potion of lignification {unknown}
Comestibles
 c - 4 rations


   Skills:
 + Level 3.3 Fighting
 + Level 0.6 Long Blades
 * Level 2.2 Axes
 * Level 1.9 Armour
 + Level 0.8 Dodging
 * Level 2.1 Invocations


You had 2 spell levels left.
You didn't know any spells.

Dungeon Overview and Level Annotations

Branches:
Dungeon (2/15)

Altars:
Ashenzari
Okawaru
Uskayaw


Innate Abilities, Weirdness & Mutations

You have hooves in place of feet.
Armour fits poorly on your strangely shaped body.
You cover ground very quickly.
You have extremely tough skin. (AC +3)


Message History

The bat hits you but does no damage. The bat barely misses you.
The bat misses you.
You slash the bat! You burn the bat.
You kill the bat!
Lugonu accepts your kill.
The orc wizard mumbles some strange words.
The orc wizard flickers and vanishes!
Deactivating autopickup; reactivate with Ctrl-A.
You hear some strange, mumbled words.
You hit the orc warrior. You burn the orc warrior.
The orc warrior is lightly wounded.
The orc warrior hits you with a hand axe of chopping!
Ouch! That really hurt!
* * * LOW HITPOINT WARNING * * *
Unknown command.
You slash the orc warrior! You burn the orc warrior.
You kick the orc warrior, but do no damage.
The orc warrior is heavily wounded.
The orc warrior hits you with a hand axe of chopping!
You die...

.#.## .'._# .# .#.##
#..# #### #..# :. .#
##..#... ### ##...#8#
#.## ##.....#### # #
...####.........##.#o..#
......'.........@o.oo...
...####.........##.#...#
#.## ##.......## # # ###
##...).## ##...## ##+##


You could see an orc warrior and 3 orcs.

Vanquished Creatures
  An adder (D:2)
  A dart slug (D:1)
  3 ball pythons (D:1)
  A giant cockroach (D:1)
  2 goblins (D:1)
  4 hobgoblins
  6 bats
  A frilled lizard (D:1)
  2 kobolds (D:1)
  4 rats
25 creatures vanquished.

Notes
Turn   | Place    | Note
-------+----------+-------------------------------------------
     0 | Abyss:1  | Gargoyl the Centaur Abyssal Knight began the quest for the Orb.
     0 | Abyss:1  | Reached XP level 1. HP: 19/19 MP: 2/2
    18 | Abyss:2  | Noticed a ynoxinul
    18 | Abyss:2  | Noticed an ancient zyme
    18 | Abyss:2  | Noticed a bone dragon
    19 | Abyss:2  | Noticed a starcursed mass
    60 | Abyss:4  | Found a corrupted altar of Lugonu.
    81 | Abyss:4  | Found an ornate altar of the Wu Jian Council.
   104 | Abyss:5  | Entered Level 5 of the Abyss
   118 | Abyss:5  | Noticed an insubstantial wisp
   139 | Abyss:5  | Noticed a starcursed mass
   142 | Abyss:5  | Noticed a spatial maelstrom
   146 | Abyss:5  | Noticed a spatial vortex
   147 | Abyss:5  | Noticed a spatial vortex
   147 | Abyss:5  | Noticed a spatial vortex
   148 | Abyss:5  | Noticed a spatial vortex
   149 | D:1      | Escaped the Abyss
   424 | D:1      | Reached * piety under Lugonu
   483 | D:1      | Reached XP level 2. HP: 26/26 MP: 3/3
  1225 | D:2      | Reached XP level 3. HP: 10/31 MP: 4/4
  1493 | D:2      | Found an iron altar of Okawaru.
  1496 | D:2      | Found a hide-covered altar of Uskayaw.
  1499 | D:2      | Found a shattered altar of Ashenzari.
  1543 | D:2      | Noticed an orc warrior
  1547 | D:2      | Slain by an orc warrior

Skill      XL: |  1  2 |
---------------+-------+-----
Axes           | 2 |  2.2
Fighting       | |  3.3
Long Blades    | |  0.6
Armour         | |  1.9
Dodging        | |  0.8
Invocations    | |  2.1

Action                   || total
-------------------------++-------
Melee: Scimitar          ||    48
       Kick              ||     9
Invok: Depart the Abyss  ||     1
  Use: Scroll            ||     2
Armor: Leather armour    ||    24
Dodge: Dodged            ||    30
       Rpst.: Scimitar   ||    15
